 Dungeon Crawl Stone Soup version 0.31.0-1-g2c135a0 (webtiles) character file.

Game seed: 9642541416476323034

16 jagoly the Conjurer (level 2, -4/18 HPs)
             Began as an Octopode Conjurer on Jan 25, 2024.
             Slain by a goblin
             ... wielding a +0 dagger
             ... led by Robin
              (5 damage)
             ... on level 3 of the Dungeon.
             The game lasted 00:02:46 (389 turns).

jagoly the Conjurer (Octopode Conjurer)              Turns: 389, Time: 00:02:46

Health: -4/18      AC:  1    Str:  6    XL:     2   Next: 54%
Magic:  2/5        EV: 13    Int: 20    God:
Gold:   40         SH:  0    Dex: 10    Spells: 2/5 levels left

rFire   . . .        b - +0 dagger
rCold   . . .        (no shield)
rNeg    . . .        (helmet restricted)
rPois   .            (no amulet)
rElec   .            (no ring)
rCorr   .            (no ring)
SInv    .            (no ring)
Will    .....        (no ring)
Stlth   +++          (no ring)
HPRegen 0.23/turn    (no ring)
MPRegen 0.09/turn    (no ring)
                     (no ring)

%: no passive effects
@: no status effects
A: almost no armour, amphibious, 8 rings, camouflage 1, gelatinous body 1,
(nimble swimmer 1), tentacles
a: no special abilities


You were on level 3 of the Dungeon.
You visited 1 branch of the dungeon, and saw 3 of its levels.

You collected 40 gold pieces.

Inventory:

Hand Weapons
 b - a +0 dagger (weapon)
Missiles
 c - a stone
Potions
 a - a potion of magic
 d - 2 potions of brilliance {unknown}
 e - a potion of invisibility {unknown}


   Skills:
 + Level 0.9 Fighting
 - Level 2.0 Dodging
 - Level 3.0 Stealth
 + Level 2.2 Spellcasting
 + Level 4.2 Conjurations


You had 2 spell levels left.
You knew the following spells:

 Your Spells              Type           Power      Damage    Failure   Level
a - Magic Dart            Conj           76%        1d6       2%          1
s - Searing Ray           Conj           38%        2d5       4%          2

Your spell library contained the following spells:

 Spells                   Type           Power      Damage    Failure   Level
 Fulminant Prism          Conj/Alch      5%         3d6       54%         4
 Iskenderun's Mystic Bla  Conj/Tloc      10%        2d4       54%         4


Dungeon Overview and Level Annotations

Branches:
Dungeon (3/15) Zot: 17608

Altars:

Annotations:
D:2 Robin


Innate Abilities, Weirdness & Mutations

You cannot wear most types of armour.
You are amphibious.
You can wear up to eight rings at the same time.
Your skin changes colour to match your surroundings (Stealth+).
Your rubbery body absorbs attacks. (AC +1, EV +1)
((You are camouflaged when in or above water. (Stealth+)))
You have tentacles for arms and can constrict up to eight enemies at once.


Message History

Welcome, jagoly the Octopode Conjurer.
The Orb of Zot is coveted for many reasons.
Will you seize it for your own?
Press ? for a list of commands and other information.
Found a staircase leading out of the dungeon.
As you open the door, it creaks loudly!
There is an open door here.
As you open the door, it creaks loudly!
There is an open door here.
You open the door.
There is an open door here.
You open the door.
There is an open door here.
Found a leather armour.
A frilled lizard comes into view.
The magic dart hits the frilled lizard.
You kill the frilled lizard!
A goblin comes into view. It is wielding a +0 dagger.
The magic dart hits the goblin.
You kill the goblin!
Found 14 gold pieces.
You see here a +0 dagger.
b - a +0 dagger (weapon)
You now have 14 gold pieces.
Magic restored.
Found a ring mail.
A bat comes into view.
The magic dart hits the bat.
The bat is heavily wounded.
The magic dart hits the bat.
You kill the bat!
Found a stone staircase leading down.
A bat comes into view.
The magic dart hits the bat.
You kill the bat!
You can't see any susceptible monsters within range! (Use Z to cast anyway.)
There is a stone staircase leading down here.
You climb downwards.
There is a stone staircase leading up here.
A frilled lizard and an endoplasm come into view.
Found a book of Battle and a scroll labelled QYHUQI UMPAIHE.
There are monsters nearby!
The magic dart hits the endoplasm.
The endoplasm is severely wounded.
The endoplasm quivers.
The frilled lizard hisses angrily.
You hear an angry hiss.
An adder comes into view.
The magic dart hits the endoplasm.
You kill the endoplasm!
There is a stone staircase leading up here.
You climb upwards.
There is a stone staircase leading down here.
A ball python comes into view.
The helpless ball python fails to defend itself.
You puncture the ball python!
You kill the ball python!
Training target 3.0 for Stealth reached!
Your Stealth skill increases to level 3!
You have reached level 2!
A ball python comes into view.
Found 16 gold pieces.
A ball python is nearby!
The magic dart hits the ball python.
You kill the ball python!
An endoplasm comes into view.
The magic dart hits the endoplasm.
The endoplasm is almost dead.
The endoplasm quivers.
You hit the endoplasm.
You kill the endoplasm!
You now have 30 gold pieces (gained 16).
You open the door.
There is an open door here.
You open the door.
There is an open door here.
A kobold comes into view. It is wielding a +0 whip.
The kobold shouts!
A kobold is nearby!
A ball python comes into view.
The kobold hits you with a +0 whip.
You hit the kobold. Your grab misses the kobold.
The kobold is severely wounded.
The kobold hits you but does no damage.
You hit the kobold.
You kill the kobold!
You hit the ball python.
You kill the ball python!
No target in view!
HP restored.
Magic restored.
An endoplasm comes into view.
Found a robe.
The helpless endoplasm fails to defend itself.
You puncture the endoplasm!
You kill the endoplasm!
No target in view!
Found a stone staircase leading down.
A kobold comes into view. It is wielding a +0 club.
There is a stone staircase leading down here.
You climb downwards.
There is a stone staircase leading up here.
You climb upwards.
The kobold shouts!
The kobold throws a stone.
The stone hits you.
There is a stone staircase leading down here.
The kobold throws a stone.
The stone hits you. The kobold closely misses you.
You closely miss the kobold. Your grab misses the kobold.
The kobold barely misses you.
You closely miss the kobold. Your grab misses the kobold.
Your squeeze misses the kobold. The kobold hits you with a +0 club.
You hit the kobold.
You kill the kobold!
No target in view!
No target in view!
You open the door.
Press: ? - help, v - describe, . - travel, g - get item
Items here: a +0 club; a stone.
The floor.
Things that are here:
a +0 club; a stone
c - a stone
There is a stone staircase leading down here.
You climb downwards.
There is a stone staircase leading up here.
The helpless ball python fails to defend itself.
You puncture the ball python!
You kill the ball python!
Found 10 gold pieces.
Found 2 emerald potions.
Found a fuming emerald potion.
You now have 40 gold pieces (gained 10).
d - 2 emerald potions
e - a fuming emerald potion A kobold comes into view.
It is wielding a +0 club.
The helpless kobold fails to defend itself.
You puncture the kobold!
You kill the kobold!
No target in view!
You see here a +0 club.
Found a stone staircase leading down.
A goblin comes into view. It is wielding a +0 club.
Found a ruby potion.
Robin and a hobgoblin come into view.
A hobgoblin and 5 goblins come into view.
The goblin shouts! x2; Robin shouts!
A goblin comes into view. It is wielding a +0 club.
The hobgoblin moves out of view.
The hobgoblin shouts!
You hear a shout!
You hear a shout!
The goblin shouts!
Robin roars a battlecry!
The goblins go into a battle-frenzy!
There is a stone staircase leading down here.
You climb downwards.
There is a stone staircase leading up here.
You start memorising the spell.
You continue memorising. x2
You finish memorising.
Spell assigned to 'b'.
Adjust (i)tems, (s)pells, or (a)bilities?
Adjust which spell? b - Searing Ray Adjust to which letter?
S - Searing Ray Adjust (i)tems, (s)pells, or (a)bilities?
Adjust which spell?
S - Searing Ray Adjust to which letter? s - Searing Ray You climb upwards.
Level annotation: Robin The goblin hits you with a +0 club.
There is a stone staircase leading down here.
You hit the goblin.
You kill the goblin!
Robin says, "Bow before me, strongest of all the hobgoblins!"
Robin throws the goblin at you! The goblin barely misses you.
The goblin closely misses you. The goblin hits you with a +0 club.
You climb downwards.
There is a stone staircase leading up here.
Hit: b) +0 dagger
Press: ? - help, Dir - move target, f - goblin
Aim: a goblin, wielding a +0 club (strong, about 47% to evade your +0 dagger)
You closely miss the goblin. Your grab misses the goblin.
The goblin barely misses you. The goblin hits you with a +0 club.
Cast which spell? (? or * to list)
Aiming: Searing Ray (safe; 4% risk of failure)
Press: ? - help, Shift-Dir - straight line, f/p - goblin
Aim: a goblin, wielding a +0 club (strong, 72% to hit)
The searing ray hits the goblin.
The goblin is severely wounded. (Press . to maintain the ray.)
The goblin hits you with a +0 club.
* * * LOW HITPOINT WARNING * * *
The goblin hits you with a +0 dagger.
* * * LOW HITPOINT WARNING * * *
The searing ray misses the goblin.
The goblin hits you with a +0 club.
* * * LOW HITPOINT WARNING * * *
The goblin hits you with a +0 dagger.
You die... #.###### #..g@g.# ########

You could see 2 goblins.

Vanquished Creatures
  4 ball pythons
  2 bats (D:1)
  3 endoplasms
  2 goblins
  A frilled lizard (D:1)
  3 kobolds
15 creatures vanquished.

Notes
Turn   | Place    | Note
-------+----------+-------------------------------------------
     0 | D:1      | jagoly the Octopode Conjurer began the quest for the Orb.
     0 | D:1      | Reached XP level 1. HP: 11/11 MP: 3/3
   143 | D:1      | Reached XP level 2. HP: 18/18 MP: 1/5
   372 | D:2      | Noticed Robin
   382 | D:3      | Learned a level 2 spell: Searing Ray
   389 | D:3      | Slain by a goblin

Illustrated notes

Levels and vault maps discovered:
D:1:      minmay_arrival_stair_chambers, layout_basic,
          shapermc_ecumenical_altar_gd
D:2:      minmay_angry_zag, layout_rooms, serial_curves, eino_curves_04,
          eino_curves_01, eino_curves_01, eino_curves_03,
          kennysheep_another_room, uniq_robin, uniq_jessica
D:3:      layout_basic, pdpol_wu_jian_five_deadly_venoms

Skill      XL: |  1 |
---------------+----+-----
Stealth        | 3 |  3.0
Fighting       | |  0.9
Dodging        | |  2.0
Spellcasting   | |  2.2
Conjurations   | |  4.2

Action                     || total
---------------------------++-------
  Melee: Dagger            ||    13
   Cast: Magic Dart        ||     9
         Searing Ray       ||     1
   Stab: Sleeping          ||     4
 Armour: Skin              ||    13
  Dodge: Dodged            ||     5
